 Dungeon Sprint DCSS version bcrawl-1.40.3b (webtiles) character file.

Game seed: 17016304086361468482

1463148 Groucho the Acrobat (level 12, -5/63 HPs)
             Began as a Spriggan Enchanter on Dec 26, 2023.
             Was the Champion of Dithmenos.
             Slain by a hellephant (16 damage)
             ... in the Dungeon (Sprint II: "The Violet Keep of Menkaure").
             The game lasted 00:22:49 (2898 turns).

Groucho the Acrobat (Spriggan Enchanter)            Turns: 2898, Time: 00:22:49

Health: -5/63      AC:  2    Str:  4    XL:     12   Next: 43%
Magic:  32/33      EV: 35    Int: 21    God:    Dithmenos [******]
Gold:   952        SH:  0    Dex: 17    Spells: 25/43 levels left

rFire    + . .     GDR:     28% a - +1 dagger
rCold    . . .     SeeInvis +   (shield restricted)
rNeg     . . .     Gourm    .   b - +0 robe
rPois    .         Faith    .   (helmet restricted)
rElec    .         Spirit   .   (no cloak)
rCorr    .         Reflect  .   (gloves unavailable)
MR       ++...     NoTele   +   (boots unavailable) Stlth *+++++++++
                                (no amulet)
HPRegen  0.20/turn              y - ring of protection from fire
MPRegen  0.23/turn              c - ring of flight

@: exhausted, flying, wreathed by umbra, very quick
A: very small, unfitting armour, see invisible, herbivore, speed 3, slow
metabolism 2
a: Shadow Step, Shadow Form, Renounce Religion, Stop Flying


You were in the Dungeon.
You worshipped Dithmenos.
Dithmenos was exalted by your worship.
You were not hungry.

You visited 1 branch You collected 2383 gold pieces.
You spent 1431 gold pieces at shops.

Inventory:

Hand Weapons
 a - a +1 dagger (weapon)
Missiles
 D - a throwing net {=f}
Armour
 b - a +0 robe (worn)
 s - a +0 troll leather armour
Jewellery
 c - a ring of flight (right hand)
 f - the ring of the Special Shrikes {Fire Int+4}
   (You bought it in a shop in the Dungeon)

   [ring of fire]

   It enhances your fire magic.
   It affects your intelligence (+4).
   It protects you from fire.
   It makes you vulnerable to cold.
 y - a ring of protection from fire (left hand)
 C - the ring "Toyrghur" {+Inv rPois MP+9 Int-3 Stlth+}
   (You bought it in a shop in the Dungeon)

   [ring of magical power]

   It affects your intelligence (-3).
   It protects you from poison.
   It affects your magic capacity (+9).
   It lets you turn invisible.
   It makes you more stealthy.
Scrolls
 d - 4 scrolls of fog
 i - a scroll of identify
 k - 4 scrolls of acquirement {unknown}
 l - a scroll of blinking
 m - 2 scrolls of fear {unknown}
 o - 2 scrolls of revelation {unknown}
 p - a scroll of immolation {unknown}
 q - 3 scrolls of amnesia {unknown}
 t - 5 scrolls of enchant weapon {unknown}
 B - a scroll of enchant armour {unknown}
Potions
 g - a potion of curing
 h - 2 potions of heal wounds
 j - 4 potions of magic
 n - 2 potions of haste
 r - a potion of might {unknown}
 u - 3 potions of ambrosia {unknown}
 v - 3 potions of resistance {unknown}
 w - 2 potions of mutation {unknown}
 x - a potion of degeneration {unknown}
 z - 6 potions of flight {unknown}
 A - a potion of lignification {unknown}
Comestibles
 e - 5 rations {!d}


   Skills:
 - Level 7.0 Fighting
 - Level 10.0 Short Blades
 - Level 21.0 Dodging
 - Level 15.0 Stealth
 + Level 16.1 Spellcasting
 - Level 14.0 Hexes
 * Level 14.6 Ice Magic


You had 25 spell levels left.
You knew the following spells:

 Your Spells              Type           Power        Failure   Level  Hunger
a - Slow                  Hex            ######..     0%          1    None
b - Ensorcelled Hibernat  Hex/Ice        ######       0%          2    None
c - Confuse               Hex            ######..     1%          3    None
d - Dazzling Orbs         Conj/Hex       #####..      1%          3    None
e - Throw Frost           Conj/Ice       #####.       1%          2    None
f - Throw Icicle          Conj/Ice       #####...     1%          4    None
g - Ozocubu's Armour      Chrm/Ice       #####...     1%          3    None

Your spell library contained the following spells:

 Spells                   Type           Power        Failure   Level  Hunger
 Freeze                   Ice            ######       0%          1    None
 Tukima's Dance           Hex            ######..     1%          3    None
 Cause Fear               Hex            ######....   1%          4    None
 Ice Form                 Ice/Tmut       #####...     1%          4    None
 Summon Ice Beast         Ice/Summ       #####...     1%          4    None
 Beastly Appendage        Tmut           ###...       3%          1    None
 Infusion                 Chrm           ###.....     3%          1    None
 Passwall                 Tmut/Erth      ###.....     5%          2    None
 Sticks to Snakes         Tmut           ###.....     5%          2    None
 Swiftness                Chrm/Air       ###.....     5%          2    None
 Iskenderun's Battlesphe  Conj/Chrm      ###.....     67%         5    None
 Scorpion Form            Tmut/Pois      ###.......   100%        7    ####...


Dungeon Overview and Level Annotations

Branches:
Dungeon (1/1)

Altars:
Cheibriados
Dithmenos
Elyvilon
Fedhas
Gozag
Hepliaklqana
Kikubaaqudgha
Lugonu
Makhleb
Nemelex Xobeh
Okawaru
Qazlal
Ru
Sif Muna
Trog
Uskayaw
Vehumet
Wu Jian
Xom
Yredelemnul
Zin
The Shining One
Jiyva

Shops:
D :[:[=(%}!%!=(?:[

Annotations:
D exclusion: oklob plant, Sonja


Innate Abilities, Weirdness & Mutations

You are very small and have problems with some larger weapons.
You are too small for most types of armour.
You have supernaturally acute eyesight. (SInv)
You are a herbivore.
You cover ground extremely quickly.
You need to consume almost no food.


Message History

Groucho's shadow shouts, "Beware of monsters!"
The helpless glowing orange brain fails to defend itself.
You perforate the glowing orange brain like a sieve!!!!
You kill the glowing orange brain!
Dithmenos accepts your kill.
No path to travel!
The helpless hellephant fails to defend itself.
You stick the hellephant like a pincushion!!!!
The hellephant is severely wounded.
Casting: Throw Icicle (safe; 1% risk of failure)
Confirm with . or Enter, or press ? or * to list all spells.
Aiming: Ensorcelled Hibernation (safe; 0% risk of failure)
Press: ? - help, Shift-Dir - straight line, f - hellephant
Aim: a hellephant (severely wounded, umbra, chance to defeat MR: 0%)
Okay, then.
The hellephant bites you!!
You emit a cloud of dark smoke.
You are engulfed in flames!
You resist. The hellephant gores you!
* * * LOW HITPOINT WARNING * * *
Space warps horribly around you!
You die...

▓▓+▓▓▓▓.▓ +.°.▓0..▓
#...▓▓▓▓▓▓▓▓▓▓
#○.°▓≈≈≈§≈≈≈≈▓▓
##[[▓▓▓▓▓▓▓▓▓▓▓▓+▓▓
.#}"▓((...(.[▓▓...▓
.#)}▓.[....[.▓▓K⌠.▓
.#=[▓).......▓▓§..▓
####▓........▓▓§@$▓
##.#▓.([.)(..▓▓Y§$▓
#..#▓...(.[..▓▓...▓
#..#▓...()...▓▓.⌠.▓
##)#▓...(.[..▓▓)..▓
..##▓▓▓▓▓▓▓'▓▓▓▓'▓▓
≈≈≈≈≈≈≈≈≈≈≈...≈≈≈▓
'########'###.≈≈≈▓
....._._#≈§§##≈≈≈▓


You could see a hellephant and Sonja (sleeping).

Vanquished Creatures
  A deep elf master archer (D)
  A kraken (D)
  2 sphinxes (D)
  A draconian shifter (D)
  A fire dragon (D)
  A crystal guardian (D)
  A great orb of eyes (D)
  An iron elemental (D)
  2 hell hogs (D)
  2 deep trolls (D)
  2 unseen horrors (D)
  2 death drakes (D)
  A glowing orange brain (D)
  A yaktaur (D)
  3 polar bears (D)
  2 tyrant leeches (D)
  A hornet (D)
  3 slime creatures (D)
  3 hippogriffs (D)
  3 yaks (D)
  4 neqoxecs (D)
  Menkaure (D)
  4 crocodiles (D)
  2 swamp drakes (D)
  4 necrophages (D)
  A hell rat (D)
50 creatures vanquished.

Vanquished Creatures (others)
  2 hippogriffs (D)
  A spectral bat (D)
  A spectral giant cockroach (D)
  36 tentacles (D)
40 creatures vanquished.

Grand Total: 90 creatures vanquished

Notes
Turn   | Place    | Note
-------+----------+-------------------------------------------
     0 | D        | Groucho the Spriggan Enchanter began the quest for the Orb.
     0 | D        | Reached XP level 1. HP: 9/9 MP: 5/5
     5 | D        | Noticed a necrophage
     5 | D        | Noticed a necrophage
     5 | D        | Noticed a necrophage
     5 | D        | Noticed a necrophage
    11 | D        | Killed a necrophage
    12 | D        | Reached skill level 5 in Dodging
    12 | D        | Reached skill level 5 in Spellcasting
    12 | D        | Reached skill level 5 in Hexes
    12 | D        | Reached XP level 2. HP: 16/16 MP: 6/9
    12 | D        | Reached XP level 3. HP: 19/19 MP: 6/10
    12 | D        | Reached XP level 4. HP: 23/23 MP: 7/12
    20 | D        | Killed a necrophage
    21 | D        | Reached skill level 5 in Short Blades
    21 | D        | Reached skill level 10 in Stealth
    21 | D        | Reached XP level 5. HP: 29/29 MP: 7/13
    22 | D        | Killed a necrophage
    23 | D        | Reached skill level 5 in Fighting
    25 | D        | Killed a necrophage
    26 | D        | Reached XP level 6. HP: 35/35 MP: 7/14
    31 | D        | Noticed a neqoxec
    31 | D        | Noticed a neqoxec
    31 | D        | Noticed a neqoxec
    31 | D        | Noticed a neqoxec
    33 | D        | Killed a neqoxec
    34 | D        | Reached skill level 15 in Stealth
    35 | D        | Killed a neqoxec
    36 | D        | Reached skill level 10 in Hexes
    36 | D        | Reached XP level 7. HP: 39/39 MP: 8/15
    37 | D        | Killed a neqoxec
    39 | D        | Killed a neqoxec
    45 | D        | Noticed a hippogriff
    45 | D        | Noticed a hippogriff
    48 | D        | Killed a hippogriff
    51 | D        | Killed a hippogriff
    52 | D        | Reached XP level 8. HP: 43/43 MP: 9/16
    58 | D        | Noticed a tyrant leech
    58 | D        | Noticed a tyrant leech
    63 | D        | Learned a level 2 spell: Ensorcelled Hibernation
    67 | D        | Learned a level 3 spell: Confuse
    71 | D        | Learned a level 3 spell: Dazzling Orbs
    84 | D        | Killed a tyrant leech
   101 | D        | HP: 1/43 [tyrant leech (30)]
   369 | D        | Killed a tyrant leech
   370 | D        | Reached skill level 10 in Short Blades
   376 | D        | Found Duifirit's Gadget Shoppe.
   376 | D        | Found Jiahiehe's Jewellery Shoppe.
   376 | D        | Found Evol Nyll's Magic Scroll Shoppe.
   376 | D        | Found Miocoge's Food Emporium.
   376 | D        | Found Duolah's Antique Armour Shoppe.
   376 | D        | Found Wiraotu's Distillery.
   377 | D        | Found Itylum's Book Emporium.
   377 | D        | Found Iplyem's Food Shoppe.
   377 | D        | Found Lopnop's Distillery.
   377 | D        | Found Womiduwn's Jewellery Shoppe.
   377 | D        | Found Xiened's Antique Armour Emporium.
   378 | D        | Found Bouts's Book Shoppe.
   378 | D        | Found Bosam's Antique Weapon Shoppe.
   378 | D        | Found Ocsastae's Antique Weapon Emporium.
   378 | D        | Found Jaiss's Antique Armour Emporium.
   378 | D        | Noticed Menkaure
   378 | D        | Noticed a shining eye
   392 | D        | Killed Menkaure
   395 | D        | Noticed a shining eye
   395 | D        | Noticed a shining eye
   395 | D        | Noticed an oklob plant
   396 | D        | Found Xuthrecwy's Book Shoppe.
   430 | D        | Noticed a polar bear
   430 | D        | Noticed a polar bear
   432 | D        | Noticed a manticore
   432 | D        | Noticed a manticore
   453 | D        | Bought an uncursed ring of flight for 187 gold pieces
   466 | D        | Bought the ring of the Special Shrikes {Fire Int+4} for 424
                  | gold pieces
   489 | D        | Found a roughly hewn altar of Beogh.
   490 | D        | Found a snail-covered altar of Cheibriados.
   491 | D        | Found a shadowy altar of Dithmenos.
   491 | D        | Found a viscous altar of Jiyva.
   492 | D        | Found a white marble altar of Elyvilon.
   492 | D        | Found an ancient bone altar of Kikubaaqudgha.
   494 | D        | Found a blossoming altar of Fedhas.
   494 | D        | Found a corrupted altar of Lugonu.
   494 | D        | Found a shimmering blue altar of Sif Muna.
   495 | D        | Found an opulent altar of Gozag.
   495 | D        | Found a burning altar of Makhleb.
   495 | D        | Found a bloodstained altar of Trog.
   496 | D        | Found a sparkling altar of Nemelex Xobeh.
   496 | D        | Found a hide-covered altar of Uskayaw.
   497 | D        | Found a basalt altar of Yredelemnul.
   498 | D        | Found an iron altar of Okawaru.
   498 | D        | Found a radiant altar of Vehumet.
   498 | D        | Found a glowing silver altar of Zin.
   498 | D        | Found a hazy altar of Hepliaklqana.
   498 | D        | Found a sacrificial altar of Ru.
   498 | D        | Found a shimmering altar of Xom.
   498 | D        | Noticed a hornet
   498 | D        | Noticed a polar bear
   499 | D        | Found a stormy altar of Qazlal.
   499 | D        | Found an ornate altar of the Wu Jian Council.
   499 | D        | Found a glowing golden altar of the Shining One.
   499 | D        | Noticed a yaktaur
   503 | D        | Became a worshipper of Dithmenos the Shadowed
   512 | D        | Noticed a polar bear
   512 | D        | Noticed a polar bear
   513 | D        | Killed a polar bear
   514 | D        | Reached skill level 10 in Spellcasting
   514 | D        | Reached XP level 9. HP: 47/47 MP: 22/24
   518 | D        | Killed a polar bear
   522 | D        | Reached * piety under Dithmenos
   523 | D        | Reached skill level 7 in Dodging
   532 | D        | Killed a yaktaur
   533 | D        | Reached skill level 10 in Dodging
   542 | D        | Killed a polar bear
   543 | D        | Reached skill level 11 in Dodging
   559 | D        | Reached ** piety under Dithmenos
   562 | D        | Reached skill level 12 in Dodging
   563 | D        | Reached skill level 13 in Dodging
   572 | D        | Reached *** piety under Dithmenos
   573 | D        | Reached skill level 14 in Dodging
   582 | D        | Noticed a deep elf master archer
   585 | D        | Noticed an unseen horror
   585 | D        | Noticed an unseen horror
   587 | D        | Killed an unseen horror
   588 | D        | Reached skill level 16 in Dodging
   588 | D        | Reached XP level 10. HP: 55/55 MP: 8/25
   589 | D        | Killed an unseen horror
   590 | D        | Reached skill level 17 in Dodging
   637 | D        | Killed a deep elf master archer
   637 | D        | Reached **** piety under Dithmenos
   638 | D        | Reached skill level 20 in Dodging
   679 | D        | Noticed an orange crystal statue
   699 | D        | Bought a book of Frost for 385 gold pieces
   742 | D        | Noticed a kraken
   749 | D        | Reached skill level 1 in Ice Magic
   755 | D        | Reached ***** piety under Dithmenos
   757 | D        | Noticed a deep troll
   758 | D        | Noticed a deep troll
   763 | D        | Killed a deep troll
   764 | D        | Reached skill level 21 in Dodging
   764 | D        | Reached XP level 11. HP: 58/58 MP: 23/26
   772 | D        | Killed a deep troll
   773 | D        | Reached skill level 5 in Ice Magic
   798 | D        | Learned a level 2 spell: Throw Frost
   803 | D        | Learned a level 4 spell: Throw Icicle
   812 | D        | Learned a level 3 spell: Ozocubu's Armour
  1002 | D        | Noticed a sphinx
  1007 | D        | Killed a sphinx
  1009 | D        | Noticed a sphinx
  1011 | D        | Killed a sphinx
  1709 | D        | Killed a kraken
  1795 | D        | Bought the ring "Toyrghur" {+Inv rPois MP+9 Int-3 Stlth+}
                  | for 435 gold pieces
  1826 | D        | Noticed a death drake
  1831 | D        | Noticed a death drake
  1831 | D        | Noticed a crystal guardian
  1835 | D        | Killed a crystal guardian
  1836 | D        | Killed a death drake
  1838 | D        | Killed a death drake
  1895 | D        | Noticed a hell hog
  1895 | D        | Noticed a hell hog
  1895 | D        | Noticed an iron elemental
  1896 | D        | Found the +5 scythe "Finisher" {speed, eviscerate}
  1896 | D        | Noticed a fire dragon
  1896 | D        | Noticed a great orb of eyes
  1910 | D        | Reached XP level 12. HP: 63/63 MP: 18/31
  1911 | D        | Killed a hell hog
  1911 | D        | Reached ****** piety under Dithmenos
  2194 | D        | Killed a hell hog
  2195 | D        | Reached skill level 15 in Spellcasting
  2231 | D        | Killed a great orb of eyes
  2405 | D        | Killed a fire dragon
  2676 | D        | Killed an iron elemental
  2707 | D        | Identified the Compendium of Mutagenic Aid
  2892 | D        | Noticed Sonja
  2892 | D        | Noticed a hellephant
  2892 | D        | Noticed a black draconian shifter
  2893 | D        | Killed a black draconian shifter
  2898 | D        | Slain by a hellephant

Skill      XL: |  1  2  3  4  5  6  7  8  9 10 11 12 |
---------------+-------------------------------------+-----
Fighting       | 2 4 5 7 |  7.0
Short Blades   | 4 5 7 10 | 10.0
Dodging        | 5 16 21 | 21.0
Stealth        | 7 10 14 15 | 15.0
Spellcasting   | 5 10 14 16 | 16.1
Hexes          | 5 10 14 | 14.0
Ice Magic      | 4 12 14 | 14.6

Action                   |  1- 3 |  4- 6 |  7- 9 | 10-12 || total
-------------------------+-------+-------+-------+-------++-------
Melee: Dagger            |     4 |    12 |    41 |   104 ||   161
 Cast: Ensorcelled Hiber |       |       |     7 |    18 ||    25
       Slow              |       |       |     5 |       ||     5
       Confuse           |       |       |     6 |     5 ||    11
       Throw Icicle      |       |       |       |    28 ||    28
       Dazzling Orbs     |       |       |       |     2 ||     2
Invok: Shadow Step       |       |       |       |     2 ||     2
 Abil: Evoke Flight      |       |       |     1 |     1 ||     2
       Evoke Invisibilit |       |       |       |     2 ||     2
  Use: Potion            |     2 |       |       |     4 ||     6
       Scroll            |       |       |       |     2 ||     2
 Stab: Sleeping          |     2 |     4 |    16 |    24 ||    46
       Invisible         |       |       |     2 |     4 ||     6
       Confused          |       |       |     4 |     8 ||    12
  Eat: Ration            |       |       |       |     1 ||     1
Armor: Robe              |       |       |     3 |     1 ||     4
Dodge: Dodged            |     1 |     3 |    17 |    67 ||    88
